cohdb
Replays
Latest Replays
All Replays
Popular Replays
Top Player Replays
Match Explorer
How It Works
Community
CoH3 Stats
Reddit
Sign in to upload your games and track your stats! →
Sign in with Steam
Match 42927955
Unlisted
Match 42927955
Overview
Messages
Build Orders
End
Engineer Squad
Construct Weapon Support Center
M1919 Machine Gun Team
Engineer Squad
Bazooka Squad
Air Support Center
M1919 Machine Gun Team
Selects Heavy Weapons
Selects Assault Carriers
M3 Assault Carrier
Forward Retreat Point
Grasshopper Recon Run
P-47 Strafing Run
M3 Assault Carrier
Selects Exchangeable Parts
Double Sortie
Air Supremacy
Advanced Air Reconnaissance
Grasshopper Recon Run
P-47 Strafing Run
M3 Assault Carrier
P-47 Dive Bomb
Improved Aircraft Armor
Grasshopper High-Altitude Recon Run
Scout Squad
Grasshopper High-Altitude Recon Run
P-47 Strafing Run
Bazooka Squad
Grasshopper High-Altitude Recon Run
P-47 Strafing Run
P-47 Strafing Run
P-47 Strafing Run
Engineer Squad
Grasshopper High-Altitude Recon Run
Construct Tank Depot
Selects M26 Pershing Heavy Tank
M26 Pershing Heavy Tank
P-47 Strafing Run
Grasshopper High-Altitude Recon Run
P-47 Strafing Run
P-47 Dive Bomb
Grasshopper High-Altitude Recon Run
DonaldCrump
[TW]克特
TriggerConroy
Cpt Nacho
Bosman
Battlebird
Sturmbock80
Moltke1871
0
0
Comments
sign in to comment!
No comments posted yet!